 Dungeon Crawl Stone Soup version 0.30-a0-39-g42789b21ef (webtiles) character file.

Game seed: 9425272388062651463

1029 drugrobin the Trooper (level 7, -1/66 HPs)
             Began as a Demigod Delver on Aug 29, 2022.
             Slain by an orc priest
             ... wielding a +0 trident
              (7 damage)
             ... on level 6 of the Dungeon.
             The game lasted 00:14:26 (6897 turns).

drugrobin the Trooper (Demigod Delver)              Turns: 6897, Time: 00:14:27

Health: -1/66      AC:  6    Str: 15    XL:     7   Next: 72%
Magic:  9/9        EV: 12    Int: 16    God:
Gold:   309        SH:  0    Dex: 19    Spells: 6/6 levels left

rFire   + . .      SeeInvis .    a - +8 hand axe of Forgiveness {freeze, rPois Str+2 Stlth+}
rCold   + . .      Faith    .    (no shield)
rNeg    . . .      Spirit   .    D - +2 robe {rC+}
rPois   +          Reflect  .    F - +0 helmet
rElec   .          Harm     .    E - +0 cloak
rCorr   .          Rampage  .    (no gloves)
Will    +....                    (no boots)
Stlth   ++++......               (no amulet)
HPRegen 0.21/turn                r - ring of protection from fire
MPRegen 0.11/turn                w - ring of willpower

@: no status effects
A: high MP 1, forlorn, divine attributes
a: no special abilities


You were on level 6 of the Dungeon.
You visited 1 branch of the dungeon, and saw 7 of its levels.

You collected 309 gold pieces.

Inventory:

Hand Weapons
 a - the +8 hand axe of Forgiveness (weapon) {freeze, rPois Str+2 Stlth+}
   (You took it off an orc priest on level 6 of the Dungeon)

   It freezes those it strikes, dealing additional cold damage.
   It can also slow down cold-blooded creatures.
   Str:       It affects your strength (+2).
   rPois:     It protects you from poison.
   Stlth:     It makes you more stealthy.
 b - a +0 long sword
 c - a +0 sling
 H - a +0 dagger of chaos
 J - a +2 great sword of draining
Armour
 j - a +0 ring mail
 D - a +2 robe of cold resistance (worn)
 E - a +0 cloak (worn)
 F - a +0 helmet (worn)
Jewellery
 r - a ring of protection from fire (left hand)
 t - a ring of protection from fire
 w - a ring of willpower (right hand)
Wands
 g - a wand of digging (3)
 I - a wand of charming (6)
Scrolls
 d - a scroll of magic mapping
 e - 2 scrolls of fear
 k - 2 scrolls of blinking {unknown}
 l - a scroll of fog
 m - 4 scrolls of identify {unknown}
 n - a scroll of silence {unknown}
 o - 2 scrolls of immolation {unknown}
 p - a scroll of acquirement {unknown}
 y - 2 scrolls of vulnerability {unknown}
 C - 2 scrolls of butterflies {unknown}
 G - 2 scrolls of enchant weapon {unknown}
Potions
 f - 2 potions of haste
 h - 2 potions of ambrosia
 i - 2 potions of curing
 q - a potion of berserk rage {unknown}
 s - a potion of mutation {unknown}
 u - a potion of might {unknown}
 v - 2 potions of flight {unknown}
 x - 2 potions of heal wounds {unknown}
 z - a potion of invisibility {unknown}
 A - 3 potions of cancellation {unknown}
 B - a potion of brilliance {unknown}


   Skills:
 + Level 7.6 Fighting
 + Level 5.0 Short Blades
 - Level 1.7 Dodging
 - Level 4.5 Stealth


You had 6 spell levels left.
You didn't know any spells.
Your spell library contained the following spells:

 Spells                   Type           Power      Damage    Failure   Level
 Leda's Liquefaction      Hex/Erth       0%         N/A       94%         4
 Lee's Rapid Deconstruct  Erth           0%         3d5*      100%        5
 Statue Form              Tmut/Erth      0%         N/A       100%        6


Dungeon Overview and Level Annotations

Branches:
Dungeon (7/15)             Temple (0/1) D:6

Annotations:
D:2 Sigmund
D:7 exclusion: wyvern


Innate Abilities, Weirdness & Mutations

You have an increased reservoir of magic. (+10% MP)
You shall have no god before yourself.
Your divine heritage dramatically boosts your attributes as you level up.


Message History

A wyvern is nearby!
Unknown command.
Unknown command.
An orc wizard and an orc come into view.
The orc wizard shouts!
You hear a shout!
The orc shouts!
The orc wizard moves out of view.
An orc warrior comes into view. It is wielding a +0 short sword.
Unknown command.
The orc warrior moves out of view.
The orc warrior unwields a +0 short sword.
The orc warrior wields a +0 arbalest.
The orc warrior shoots a bolt.
The bolt hits you!!
There is a stone staircase leading up here.
You feel stronger.
The +8 hand axe of Forgiveness {freeze, rPois Str+2 Stlth+} glows with a cold blue light!
a - the +8 hand axe of Forgiveness (weapon)
{freeze, rPois Str+2 Stlth+} The orc warrior shoots a bolt.
The bolt hits you!
You climb upwards.
The orc priest shouts!
You hear a loud, deep croak!
You hear a shout!
Found a book of Dreams.
There is a stone staircase leading down here.
Unknown command.
Unknown command.
The orc priest invokes the aid of Beogh against you.
Beogh smites you!
A bullfrog comes into view.
Unknown command.
Unknown command.
You hit the orc priest. You freeze the orc priest.
The orc priest is moderately wounded.
The orc priest closely misses you.
Unknown command.
Unknown command.
You slash the orc priest! You freeze the orc priest.
The orc priest is almost dead.
The orc priest mumbles some strange prayers to Beogh against you.
Beogh smites you!
* * * LOW HITPOINT WARNING * * *
The orc priest hits you with a +0 trident!
You die...

....#
.:...
#...###
##...#.
.....
.F. #o#
#@# #>#
#.# #.#
#.. ###


You could see a bullfrog and an orc priest.

Vanquished Creatures
  A black bear (D:7)
  A phantom (D:4)
  A necrophage (D:4)
  A bullfrog (D:6)
  2 scorpions
  A crimson imp (D:6)
  An orc priest (D:6)
  3 hounds
  4 iguanas
  A jelly (D:7)
  A gnoll bouda (D:6)
  3 orc wizards (D:4)
  9 gnolls
  2 adders
  A white imp (D:5)
  An ufetubus (D:5)
  A worm (D:4)
  5 dart slugs
  8 orcs
  5 ball pythons
  6 endoplasms
  6 giant cockroaches
  14 goblins
  8 hobgoblins
  4 jackals (D:1)
  3 kobolds
  3 quokkas
  3 bats
  3 frilled lizards
  5 rats
107 creatures vanquished.

Notes
Turn   | Place    | Note
-------+----------+-------------------------------------------
     0 | D:5      | drugrobin the Demigod Delver began the quest for the Orb.
     0 | D:5      | Reached XP level 1. HP: 18/18 MP: 3/3
    96 | D:4      | Noticed a necrophage
   175 | D:4      | Noticed a phantom
   185 | D:4      | Killed a necrophage
   186 | D:4      | Reached XP level 2. HP: 1/25 MP: 4/4
   186 | D:4      | Reached XP level 3. HP: 1/30 MP: 5/5
   729 | D:4      | Reached XP level 4. HP: 35/37 MP: 6/6
  1072 | D:1      | Reached skill level 5 in Short Blades
  1165 | D:1      | Reached XP level 5. HP: 42/42 MP: 7/7
  1798 | D:1      | Reached skill level 3 in Fighting
  3006 | D:2      | Noticed Sigmund
  3340 | D:3      | Noticed an ogre
  3752 | D:3      | Reached skill level 4 in Fighting
  3785 | D:4      | Reached XP level 6. HP: 45/52 MP: 8/8
  4495 | D:5      | Reached skill level 5 in Fighting
  4504 | D:5      | Noticed a water moccasin
  5440 | D:6      | Reached skill level 6 in Fighting
  5440 | D:6      | Reached XP level 7. HP: 46/63 MP: 9/9
  5624 | D:6      | Identified the +8 hand axe of Forgiveness {freeze, rPois
                  | Str+2 Stlth+}
  5867 | D:6      | Found a staircase to the Ecumenical Temple.
  6171 | D:7      | Reached skill level 7 in Fighting
  6771 | D:7      | Noticed a wyvern
  6897 | D:6      | Slain by an orc priest

Illustrated notes

Levels and vault maps discovered:
D:1:      lemuel_arrival_rhombus, layout_basic
D:2:      minmay_razor_zed, layout_loops_ring,
          shapermc_ecumenical_altar_notcrosses, basic_altar, uniq_sigmund
D:3:      layout_basic, worldfamousw_hep_ancestral_shrine
D:4:      layout_basic, kennysheep_okawaru_gauntlet
D:5:      layout_loops_ring, cheibriados_altar_1, nicolae_vehumet_radiance
D:6:      layout_loops_ring, grunt_temple_overflow_champion_of_chaos,
          minmay_temple_entry_tees
D:7:      layout_loops_corners, mainiacjoe_overflow_paths,
          nemelex_diamond_rough_becter, kennysheep_mini_moat,
          roderic_cross_of_infinity, uniq_joseph

Skill      XL: |  1  2  3  4  5  6  7 |
---------------+----------------------+-----
Short Blades   | 4 5 |  5.0
Fighting       | 4 6 7 |  7.6
Dodging        | |  1.7
Stealth        | |  4.5

Action                   |  1- 3 |  4- 6 |  7- 9 || total
-------------------------+-------+-------+-------++-------
Melee: Short sword       |    23 |   105 |       ||   128
       Punch             |     1 |     3 |     2 ||     6
       Long sword        |       |   157 |    12 ||   169
       Hand axe          |       |       |    40 ||    40
 Fire: Sling             |       |    44 |       ||    44
Throw: Dart              |       |     8 |       ||     8
Evoke: Wand              |    13 |     2 |       ||    15
  Use: Potion            |       |     2 |       ||     2
 Stab: Sleeping          |     1 |    14 |     2 ||    17
       Distracted        |       |     1 |       ||     1
Armor: Leather armour    |     4 |     5 |       ||     9
       Ring mail         |       |    33 |       ||    33
       Robe              |       |    28 |    12 ||    40
Dodge: Dodged            |    12 |   161 |    34 ||   207

Table legend: (Time is in decaauts)
 A = Elapsed time spent in this place.
 B = Non-inter-level travel time spent in this place.
 C = Inter-level travel time spent in this place.
 D = Time resting spent in this place.
 E = Time spent auto-exploring this place.
 F = Levels seen in this place.
 G = Mean time per level.
                   A        B        C        D        E       F      G
               +--------+--------+--------+--------+--------+-----+--------+
         Total |   6941 |   6728 |    213 |   1523 |   3347 |   7 |  991.6 |
       Dungeon |   6941 |   6728 |    213 |   1523 |   3347 |   7 |  991.6 |
               +--------+--------+--------+--------+--------+-----+--------+

Top non-repeatable levels by time:
     D:4: 1772 daAuts
     D:2: 1305 daAuts
     D:1: 1166 daAuts
     D:7: 1019 daAuts
     D:5: 634 daAuts
     D:3: 563 daAuts
     D:6: 480 daAuts
